Monarchs vs Rafales
Created - March 19, 2020 at 19:32
Goals
|
Monarchs |
1 |
0 |
3 |
0 |
4 |
Rafales |
1 |
2 |
1 |
1 |
5 |
|
Shots
|
Monarchs |
8 |
7 |
17 |
0 |
32 |
Rafales |
6 |
13 |
12 |
1 |
32 |
|
1st period
1. Rafales , Carl Klingberg 34 (Andrew Shaw 58) at 11:47
2. Monarchs , Tim Schaller 34 (Nathan MacKinnon 20) at 12:04
Penalties :
Dylan McIlrath (Stf) for Cross-checking (Minor) at 3:49, Joe Labate (Stf) for Roughing (Minor) at 18:13
2nd period
3. Rafales , Chris Terry 15 (Tim Crowder 16, Bruno Gervais 27) at 1:01
4. Rafales , Kevin Veilleux 12 (Julian Melchiori 23, Andrew Shaw 59) at 7:00 (PP)
Penalties :
Ben Thomson (Stf) for Holding (Minor) at 3:06, Brendan Lemieux (MAN) for Holding Stick (Minor) at 3:53, Anthony Mantha (MAN) for High sticking (Minor) at 6:46, Tony DeAngelo (MAN) for Roughing (Minor) at 16:03
3rd period
5. Monarchs , Brendan Lemieux 18 (Brayden Point 21, Aaron Ekblad 25) at 4:26 (PP)
6. Monarchs , Anthony Mantha 17 (Nathan MacKinnon 21) at 5:53 (PP)
7. Monarchs , Tim Schaller 35 (Nathan MacKinnon 22) at 7:29
8. Rafales , Julian Melchiori 7 (Andrew Shaw 60, Kevin Veilleux 20) at 17:54 (PP)
Penalties :
Dylan McIlrath (Stf) for Holding (Minor) at 3:47, Jayson Megna (Stf) for Roughing (Minor) at 5:51, Kevin Veilleux (Stf) for Hooking (Minor) at 7:54, Brayden Point (MAN) for Hooking (Minor) at 17:48, Dylan McIlrath (Stf) for Holding Stick (Minor) at 19:14
Overtime #1
9. Rafales , Carl Klingberg 35 (Julian Melchiori 24) at 0:08 (SH)
Penalties :
No Penalty
Goalie Stats
Jason Missiaen (MAN), 27 saves from 32 shots - (0.844), OTL, 15-7-2, 60:08 minutes
Leland Irving (Stf), 28 saves from 32 shots - (0.875), W, 15-13-2, 60:08 minutes
Players Stats for Monarchs
Player Name G A P +/- PIM S H SB GA TA FO MP PP MP PK MP
------------------------------------------------------------------------------------
Aaron Ekblad 0 1 1 -1 0 0 0 0 1 1 0/0 22:45 5:56 0:52
Anthony Mantha 1 0 1 -1 2 6 1 1 1 0 2/4 19:20 4:40 0:23
Brayden Point 0 1 1 -1 2 1 3 0 0 0 2/6 14:13 3:23 0:00
Brendan Lemieux 1 0 1 0 2 2 1 2 0 0 0/1 11:04 3:22 0:00
Craig Smith 0 0 0 -1 0 0 1 1 0 0 1/5 13:53 0:07 2:24
Curtis Lazar 0 0 0 0 0 1 0 0 0 0 1/1 8:06 0:00 0:00
Griffin Reinhart 0 0 0 1 0 0 1 0 0 0 0/0 16:20 2:14 0:41
Jeff Petry 0 0 0 1 0 0 0 0 0 1 0/0 13:47 0:00 0:00
John Draeger 0 0 0 0 0 1 0 0 0 2 0/0 6:28 0:00 2:14
JT Compher 0 0 0 0 0 3 1 0 0 0 1/2 17:46 4:36 0:00
Mark Pysyk 0 0 0 -2 0 6 1 1 0 1 0/0 22:10 0:00 2:25
Martin Frk 0 0 0 0 0 1 0 0 1 0 0/0 8:06 0:00 0:00
Michael Latta 0 0 0 0 0 4 0 0 0 0 5/11 14:15 0:11 0:19
Morgan Rielly 0 0 0 0 0 0 0 0 0 1 0/0 16:41 2:14 0:00
Nathan MacKinnon 0 3 3 0 0 4 0 0 0 0 22/38 20:54 4:40 0:02
Nicolas Deslauriers 0 0 0 -1 0 0 2 1 0 0 0/2 13:46 0:00 2:24
Oliver Bjorkstrand 0 0 0 1 0 1 2 0 0 0 0/0 18:23 3:23 0:00
Tim Schaller 2 0 2 1 0 2 0 0 3 0 0/0 16:07 0:07 0:40
Tony DeAngelo 0 0 0 -1 2 0 0 1 1 1 0/0 22:06 5:56 0:00
Players Stats for Rafales
Player Name G A P +/- PIM S H SB GA TA FO MP PP MP PK MP
------------------------------------------------------------------------------------
Akim Aliu 0 0 0 0 0 0 0 0 0 0 0/0 0:22 0:16 0:00
Andrew Shaw 0 3 3 -1 0 4 1 0 0 2 1/2 23:05 1:40 5:13
Ben Johnson 0 0 0 0 0 0 0 0 0 0 0/0 1:39 0:00 1:12
Ben Sexton 0 0 0 0 0 0 0 0 0 0 0/0 2:24 0:00 0:37
Ben Thomson 0 0 0 0 2 4 1 1 0 0 0/0 11:26 0:16 0:00
Borna Rendulic 0 0 0 0 0 0 2 0 0 1 0/0 11:11 0:00 0:00
Brad Ross 0 0 0 0 0 0 0 0 0 0 0/0 0:46 0:16 0:24
Bruno Gervais 0 1 1 2 0 5 4 2 0 0 0/0 30:38 2:05 4:44
Carl Klingberg 2 0 2 0 0 5 3 0 0 0 9/15 23:04 1:40 5:08
Chris Terry 1 0 1 1 0 3 1 0 1 1 1/1 14:26 1:10 0:00
Dylan McIlrath 0 0 0 -1 6 3 3 0 2 1 0/0 24:02 1:01 1:58
James Marcou 0 0 0 0 0 0 0 1 1 0 0/0 7:21 0:00 0:00
Jayson Megna 0 0 0 1 2 0 2 3 0 0 6/17 14:25 1:10 0:00
Joe Labate 0 0 0 0 2 0 1 0 0 0 2/3 11:21 0:00 0:00
Joey Laleggia 0 0 0 -1 0 0 1 1 0 0 0/0 21:03 1:01 3:29
Julian Melchiori 1 2 3 2 0 2 1 2 2 2 0/0 28:12 2:05 4:49
Kevin Veilleux 1 1 2 -1 2 1 0 0 0 0 15/29 18:57 1:40 1:38
Ryan Bourque 0 0 0 0 0 1 3 0 0 0 1/1 7:21 0:00 0:00
Slater Koekkoek 0 0 0 0 0 2 0 0 1 0 0/0 14:35 0:00 1:36
Tim Crowder 0 1 1 1 0 2 3 1 0 0 1/2 17:16 1:10 2:16
Tyrell Goulbourne 0 0 0 0 0 0 1 0 0 0 0/0 7:21 0:00 0:00
3 Stars
1 - Julian Melchiori (Stf)
2 - Carl Klingberg (Stf)
3 - Tim Schaller (MAN)
Power Play
Monarchs - 2 on 7 Attempt(s) - 28.57%
Rafales - 2 on 4 Attempt(s) - 50.00%
Penalty Kill
Monarchs - 2 on 4 Attempt(s) - 50.00%
- Score 0 goal in Penalty Kill
Rafales - 5 on 7 Attempt(s) - 71.43%
- Score 1 goal in Penalty Kill
Team Stat
Monarchs - Hits : 13 - Faceoff Wins : 34 - Blocked Shots : 7 - Penalty Minutes : 8
Rafales - Hits : 27 - Faceoff Wins : 36 - Blocked Shots : 11 - Penalty Minutes : 14
Official
Referees : Unknown
Linesman : Unknown
Game Notes
No Game Note
Finance
Level 1 -- Attendance: 1347 (67.35%) -- Ticket Income $53,880
Level 2 -- Attendance: 628 (62.80%) -- Ticket Income $12,560
Total Attendance: 1975 (65.83%)
Total Ticket Income: $66,440
Other Income: $3,322
Total Income: $69,762
Monarchs
5 vs 5 Forward
Center Left Wing Right Wing Time % Phy DF OF
1 Nathan MacKinnon Tim Schaller Oliver Bjorkstrand 35 1 2 2
2 Michael Latta JT Compher Anthony Mantha 30 1 2 2
3 Brayden Point Nicolas Deslauriers Craig Smith 25 1 2 2
4 Curtis Lazar Brendan Lemieux Martin Frk 10 1 2 2
5 vs 5 Defense
Defense Defense Time % Phy DF OF
1 Morgan Rielly Aaron Ekblad 35 1 2 2
2 Mark Pysyk Tony DeAngelo 35 1 2 2
3 Jeff Petry Griffin Reinhart 30 1 2 2
4 Mark Pysyk John Draeger 0 1 2 2
PowerPlay Forward
Center Left Wing Right Wing Time % Phy DF OF
1 Nathan MacKinnon JT Compher Anthony Mantha 60 1 2 2
2 Brayden Point Brendan Lemieux Oliver Bjorkstrand 40 1 2 2
PowerPlay Defense
Defense Defense Time % Phy DF OF
1 Aaron Ekblad Tony DeAngelo 60 1 2 2
2 Griffin Reinhart Morgan Rielly 40 1 2 2
Penalty Kill 4 Players Forward
Center Wing Time % Phy DF OF
1 Craig Smith Nicolas Deslauriers 60 1 2 2
2 Michael Latta Tim Schaller 40 1 2 2
Penalty Kill 4 Players Defense
Defense Defense Time % Phy DF OF
1 John Draeger Mark Pysyk 60 1 2 2
2 John Draeger Aaron Ekblad 40 1 2 2
Penalty Kill - 3 Players Forward
Forward Time % Phy DF OF
1 Craig Smith 60 1 3 1
2 Tim Schaller 40 1 3 1
Penalty Kill - 3 Players Defense
Defense Defense Time % Phy DF OF
1 John Draeger Mark Pysyk 60 1 4 0
2 Aaron Ekblad Jeff Petry 40 1 4 0
4 vs 4 Forward
Center Wing Time % Phy DF OF
1 Nathan MacKinnon Anthony Mantha 60 1 2 2
2 Michael Latta Oliver Bjorkstrand 40 1 2 2
4 vs 4 Defense
Defense Defense Time % Phy DF OF
1 Aaron Ekblad Mark Pysyk 60 1 2 2
2 Jeff Petry Griffin Reinhart 40 1 2 2
Last Minutes Offensive
Center Left Wing Right Wing Defense Defense
Nathan MacKinnon Tim Schaller Anthony Mantha Aaron Ekblad Morgan Rielly
Last Minutes Defensive
Center Left Wing Right Wing Defense Defense
Michael Latta Nicolas Deslauriers Anthony Mantha Mark Pysyk John Draeger
Goaltenders
Starting : Jason Missiaen
Backup : Eric Comrie
Extra Forwards
Normal : Nathan MacKinnon, Michael Latta, Brayden Point - PP : Michael Latta, Tim Schaller - PK : Anthony Mantha
Extra Defensemen
Normal : Mark Pysyk, Aaron Ekblad, Morgan Rielly - PP : Mark Pysyk - PK : Tony DeAngelo, Griffin Reinhart
Penalty Shots
Anthony Mantha, Craig Smith, JT Compher, Michael Latta, Oliver Bjorkstrand
Scratches
Cedric Paquette (Healthy), Zach Trotman (Healthy), Joel Vermin (Healthy), Artturi Lehkonen (Healthy), Michael McCarron (Healthy)
Anthony Peluso (Healthy), Gustav Forsling (Healthy), Chase De Leo (Healthy), Kaapo Kahkonen (Healthy)
Rafales
5 vs 5 Forward
Center Left Wing Right Wing Time % Phy DF OF
1 Kevin Veilleux Carl Klingberg Andrew Shaw 40 1 2 2
2 Jayson Megna Chris Terry Tim Crowder 30 1 2 2
3 Joe Labate Ben Thomson Borna Rendulic 20 1 2 2
4 Ryan Bourque Tyrell Goulbourne James Marcou 10 1 2 2
5 vs 5 Defense
Defense Defense Time % Phy DF OF
1 Bruno Gervais Julian Melchiori 40 1 2 2
2 Dylan McIlrath Joey Laleggia 30 1 2 2
3 Slater Koekkoek Bruno Gervais 20 1 2 2
4 Julian Melchiori Dylan McIlrath 10 1 2 2
PowerPlay Forward
Center Left Wing Right Wing Time % Phy DF OF
1 Kevin Veilleux Carl Klingberg Andrew Shaw 60 1 2 2
2 Jayson Megna Chris Terry Tim Crowder 40 1 2 2
PowerPlay Defense
Defense Defense Time % Phy DF OF
1 Bruno Gervais Julian Melchiori 60 1 2 2
2 Dylan McIlrath Joey Laleggia 40 1 2 2
Penalty Kill 4 Players Forward
Center Wing Time % Phy DF OF
1 Carl Klingberg Andrew Shaw 60 1 2 2
2 Tim Crowder Kevin Veilleux 40 1 2 2
Penalty Kill 4 Players Defense
Defense Defense Time % Phy DF OF
1 Bruno Gervais Julian Melchiori 60 1 2 2
2 Dylan McIlrath Joey Laleggia 40 1 2 2
Penalty Kill - 3 Players Forward
Forward Time % Phy DF OF
1 Carl Klingberg 60 1 2 2
2 Andrew Shaw 40 1 2 2
Penalty Kill - 3 Players Defense
Defense Defense Time % Phy DF OF
1 Bruno Gervais Julian Melchiori 60 1 2 2
2 Dylan McIlrath Joey Laleggia 40 1 2 2
4 vs 4 Forward
Center Wing Time % Phy DF OF
1 Carl Klingberg Andrew Shaw 60 1 2 2
2 Tim Crowder Kevin Veilleux 40 1 2 2
4 vs 4 Defense
Defense Defense Time % Phy DF OF
1 Bruno Gervais Julian Melchiori 60 1 2 2
2 Dylan McIlrath Joey Laleggia 40 1 2 2
Last Minutes Offensive
Center Left Wing Right Wing Defense Defense
Kevin Veilleux Carl Klingberg Andrew Shaw Bruno Gervais Julian Melchiori
Last Minutes Defensive
Center Left Wing Right Wing Defense Defense
Kevin Veilleux Carl Klingberg Andrew Shaw Bruno Gervais Julian Melchiori
Goaltenders
Starting : Leland Irving
Backup : Jake Allen
Extra Forwards
Normal : Akim Aliu, Brad Ross, Ben Johnson - PP : Akim Aliu, Brad Ross - PK : Ben Johnson
Extra Defensemen
Normal : Slater Koekkoek, Joey Laleggia, Bruno Gervais - PP : Slater Koekkoek - PK : Joey Laleggia, Bruno Gervais
Penalty Shots
Carl Klingberg, Andrew Shaw, Tim Crowder, Kevin Veilleux, Chris Terry
Scratches
Brian Ferlin (Back Injury), Connor Murphy (Healthy), Nathan Davis (Healthy), David Broll (Healthy), Maksim Mayorov (Broken Right Foot Toe Injury)
Chris Driedger (Healthy), Sean Maguire (Healthy)
% Time on Ice - Monarchs
Lines # - Real PCT - Wanted PCT - Time Play
Normal Forward
1 - 32% - 35% - 15:12
2 - 27% - 30% - 12:55
3 - 24% - 25% - 11:19
4 - 17% - 10% - 8:06
Normal Defense
1 - 33% - 35% - 15:43
2 - 33% - 35% - 15:27
3 - 28% - 30% - 13:15
4 - 7% - 0% - 3:07
PP Forward
1 - 59% - 60% - 4:47
2 - 41% - 40% - 3:23
PP Defense
1 - 73% - 60% - 5:56
2 - 27% - 40% - 2:14
PK Forward
1 - 90% - 60% - 2:47
2 - 10% - 40% - 0:19
PK Defense
1 - 78% - 60% - 2:25
2 - 22% - 40% - 0:41
PK3 Forward
1 - 0% - 60%
2 - 0% - 40%
PK3 Defense
1 - 0% - 60%
2 - 0% - 40%
44 Forward
1 - 89% - 60% - 1:11
2 - 11% - 40% - 0:09
44 Defense
1 - 60% - 60% - 0:48
2 - 40% - 40% - 0:32
Last Minute Offensive - 0:00
Last Minute Defensive - 0:00
Total
Forward - 60:08
Defense - 60:08
|
% Time on Ice - Rafales
Lines # - Real PCT - Wanted PCT - Time Play
Normal Forward
1 - 32% - 40% - 15:21
2 - 29% - 30% - 13:39
3 - 24% - 20% - 11:11
4 - 15% - 10% - 7:21
Normal Defense
1 - 38% - 40% - 18:18
2 - 32% - 30% - 15:26
3 - 22% - 20% - 10:26
4 - 7% - 10% - 3:22
PP Forward
1 - 62% - 60% - 1:56
2 - 38% - 40% - 1:10
PP Defense
1 - 67% - 60% - 2:05
2 - 33% - 40% - 1:01
PK Forward
1 - 72% - 60% - 5:54
2 - 28% - 40% - 2:16
PK Defense
1 - 53% - 60% - 4:19
2 - 47% - 40% - 3:51
PK3 Forward
1 - 100% - 60% - 0:08
2 - 0% - 40% - 0:00
PK3 Defense
1 - 100% - 60% - 0:08
2 - 0% - 40% - 0:00
44 Forward
1 - 85% - 60% - 1:01
2 - 15% - 40% - 0:11
44 Defense
1 - 57% - 60% - 0:41
2 - 43% - 40% - 0:31
Last Minute Offensive - 0:00
Last Minute Defensive - 0:00
Total
Forward - 60:08
Defense - 60:08
|
Play-by-Play
1st period
0:01 of 1st period - Kevin Veilleux wins face-off versus Nathan MacKinnon in neutral zone.
0:26 of 1st period - Aaron Ekblad is hit by Borna Rendulic and loses puck.
0:37 of 1st period - Wrist shot by Ben Thomson.
0:37 of 1st period - Stopped by Jason Missiaen with a rebound.
0:45 of 1st period - Backhand shot by Tim Schaller.
0:45 of 1st period - Shot Blocked by Jayson Megna.
0:47 of 1st period - Slapshot by Mark Pysyk.
0:47 of 1st period - Stopped by Leland Irving without a rebound.
0:48 of 1st period - Chris Terry wins face-off versus Michael Latta in Rafales zone.
0:53 of 1st period - Backhand shot by Chris Terry.
0:53 of 1st period - Shot Misses the Net.
0:56 of 1st period - Icing by Jeff Petry.
0:57 of 1st period - Ryan Bourque wins face-off versus Anthony Mantha in Monarchs zone.
1:00 of 1st period - Backhand shot by Ryan Bourque.
1:00 of 1st period - Stopped by Jason Missiaen with a rebound.
1:18 of 1st period - Jeff Petry is hit by Dylan McIlrath and loses puck.
1:26 of 1st period - Icing by Jeff Petry.
1:27 of 1st period - JT Compher wins face-off versus Kevin Veilleux in Monarchs zone.
2:17 of 1st period - Julian Melchiori is hit by Anthony Mantha and loses puck.
3:06 of 1st period - Off-side.
3:07 of 1st period - Nathan MacKinnon wins face-off versus Jayson Megna in neutral zone.
3:14 of 1st period - Wrist shot by Oliver Bjorkstrand.
3:14 of 1st period - Stopped by Leland Irving without a rebound.
3:15 of 1st period - Nathan MacKinnon wins face-off versus Jayson Megna in Rafales zone.
3:40 of 1st period - Slapshot by Tim Crowder.
3:40 of 1st period - Shot Misses the Net.
3:42 of 1st period - Wrist shot by Bruno Gervais.
3:42 of 1st period - Deflect By Chris Terry.
3:42 of 1st period - Stopped by Jason Missiaen without a rebound.
3:43 of 1st period - Brayden Point wins face-off versus Kevin Veilleux in Monarchs zone.
3:49 of 1st period - Minor Penalty to Dylan McIlrath for Cross-checking.
3:50 of 1st period - Carl Klingberg wins face-off versus Nathan MacKinnon in Rafales zone.
4:51 of 1st period - Slapshot by Brendan Lemieux.
4:51 of 1st period - Shot Blocked by Bruno Gervais.
5:49 of 1st period - Penalty to Dylan McIlrath is over, Dylan McIlrath is back on ice.
6:16 of 1st period - Wrist shot by James Marcou.
6:16 of 1st period - Shot Hit the Post.
7:04 of 1st period - Icing by Chris Terry.
7:05 of 1st period - Curtis Lazar wins face-off versus Jayson Megna in Rafales zone.
7:56 of 1st period - Slapshot by JT Compher.
7:56 of 1st period - Stopped by Leland Irving without a rebound.
7:57 of 1st period - Nathan MacKinnon wins face-off versus Kevin Veilleux in Rafales zone.
8:22 of 1st period - Mark Pysyk is hit by Joe Labate and loses puck.
10:01 of 1st period - Martin Frk is hit by Julian Melchiori and loses puck.
10:56 of 1st period - Wrist shot by Chris Terry.
10:56 of 1st period - Shot Misses the Net.
11:02 of 1st period - Chris Terry is hit by Brendan Lemieux and loses puck.
11:31 of 1st period - Julian Melchiori is hit by Brayden Point.
11:47 of 1st period - Snap shot by Carl Klingberg.
11:47 of 1st period - Goal by Carl Klingberg - Monarchs : 0 - Rafales : 1.
11:48 of 1st period - Nathan MacKinnon wins face-off versus Kevin Veilleux in neutral zone.
12:04 of 1st period - Slapshot by Tim Schaller.
12:04 of 1st period - Goal by Tim Schaller - Monarchs : 1 - Rafales : 1.
12:05 of 1st period - Kevin Veilleux wins face-off versus Michael Latta in neutral zone.
12:07 of 1st period - Off-side.
12:08 of 1st period - Kevin Veilleux wins face-off versus Michael Latta in neutral zone.
12:33 of 1st period - Off-side.
12:34 of 1st period - Jayson Megna wins face-off versus Nathan MacKinnon in neutral zone.
13:04 of 1st period - Snap shot by JT Compher.
13:04 of 1st period - Stopped by Leland Irving without a rebound.
13:05 of 1st period - Brayden Point wins face-off versus Carl Klingberg in Rafales zone.
13:14 of 1st period - Slapshot by Carl Klingberg.
13:14 of 1st period - Shot Misses the Net.
13:16 of 1st period - Slapshot by Dylan McIlrath.
13:16 of 1st period - Deflect By Aaron Ekblad.
13:16 of 1st period - Stopped by Jason Missiaen without a rebound.
13:17 of 1st period - Michael Latta wins face-off versus Kevin Veilleux in Monarchs zone.
13:28 of 1st period - Snap shot by JT Compher.
13:28 of 1st period - Stopped by Leland Irving with a rebound.
13:30 of 1st period - Snap shot by Anthony Mantha.
13:30 of 1st period - Stopped by Leland Irving with a rebound.
13:32 of 1st period - Snap shot by Anthony Mantha.
13:32 of 1st period - Shot Blocked by Julian Melchiori.
13:42 of 1st period - Andrew Shaw is hit by Craig Smith and loses puck.
13:55 of 1st period - Wrist shot by Craig Smith.
13:55 of 1st period - Shot Blocked by Bruno Gervais.
14:25 of 1st period - Tony DeAngelo is hit by Tim Crowder and loses puck.
14:34 of 1st period - Snap shot by Martin Frk.
14:34 of 1st period - Stopped by Leland Irving with a rebound.
15:29 of 1st period - Slapshot by Chris Terry.
15:29 of 1st period - Stopped by Jason Missiaen with a rebound.
15:43 of 1st period - Snap shot by Brendan Lemieux.
15:43 of 1st period - Shot Hit the Post.
15:59 of 1st period - Michael Latta is hit by Jayson Megna and loses puck.
16:36 of 1st period - Nicolas Deslauriers is hit by Dylan McIlrath.
16:46 of 1st period - Craig Smith is hit by Tyrell Goulbourne and loses puck.
16:55 of 1st period - Wrist shot by Nicolas Deslauriers.
16:55 of 1st period - Shot Blocked by Jayson Megna.
17:08 of 1st period - Icing by Brayden Point.
17:09 of 1st period - Kevin Veilleux wins face-off versus Nathan MacKinnon in Monarchs zone.
17:42 of 1st period - Snap shot by Anthony Mantha.
17:42 of 1st period - Shot Blocked by Ben Thomson.
18:13 of 1st period - Minor Penalty to Joe Labate for Roughing.
18:14 of 1st period - Carl Klingberg wins face-off versus Nathan MacKinnon in Rafales zone.
19:05 of 1st period - Icing by Aaron Ekblad.
19:06 of 1st period - Carl Klingberg wins face-off versus Nathan MacKinnon in Monarchs zone.
19:31 of 1st period - Snap shot by Brendan Lemieux.
19:31 of 1st period - Shot Misses the Net.
19:33 of 1st period - Slapshot by Brendan Lemieux.
19:33 of 1st period - Shot Misses the Net.
19:53 of 1st period - Griffin Reinhart is hit by Andrew Shaw and loses puck.
Goals for this period are 1 for Monarchs vs 1 for Rafales.
Shots for this period are 8 for Monarchs vs 6 for Rafales.
2nd period
0:01 of 2nd period - Andrew Shaw wins face-off versus Nathan MacKinnon in neutral zone.
0:13 of 2nd period - Penalty to Joe Labate is over, Joe Labate is back on ice.
0:34 of 2nd period - Snap shot by Nicolas Deslauriers.
0:34 of 2nd period - Shot Blocked by Tim Crowder.
1:01 of 2nd period - Snap shot by Chris Terry.
1:01 of 2nd period - Goal by Chris Terry - Monarchs : 1 - Rafales : 2.
1:02 of 2nd period - Nathan MacKinnon wins face-off versus Kevin Veilleux in neutral zone.
1:24 of 2nd period - Icing by Carl Klingberg.
1:25 of 2nd period - Anthony Mantha wins face-off versus Jayson Megna in Rafales zone.
1:31 of 2nd period - Icing by Dylan McIlrath.
1:32 of 2nd period - Jayson Megna wins face-off versus Nathan MacKinnon in Rafales zone.
1:59 of 2nd period - Mark Pysyk is hit by Jayson Megna and loses puck.
2:47 of 2nd period - Wrist shot by Borna Rendulic.
2:47 of 2nd period - Shot Blocked by Brendan Lemieux.
2:49 of 2nd period - Slapshot by Dylan McIlrath.
2:49 of 2nd period - Deflect By Ben Thomson.
2:49 of 2nd period - Stopped by Jason Missiaen without a rebound.
2:50 of 2nd period - Nathan MacKinnon wins face-off versus Joe Labate in Monarchs zone.
3:06 of 2nd period - Minor Penalty to Ben Thomson for Holding.
3:07 of 2nd period - Nathan MacKinnon wins face-off versus Andrew Shaw in Rafales zone.
3:07 of 2nd period - Wrist shot by JT Compher.
3:07 of 2nd period - Shot Misses the Net.
3:19 of 2nd period - Snap shot by Andrew Shaw.
3:19 of 2nd period - Stopped by Jason Missiaen with a rebound.
3:21 of 2nd period - Slapshot by Julian Melchiori.
3:21 of 2nd period - Stopped by Jason Missiaen without a rebound.
3:22 of 2nd period - Nathan MacKinnon wins face-off versus Carl Klingberg in Monarchs zone.
3:33 of 2nd period - Wrist shot by Nathan MacKinnon.
3:33 of 2nd period - Shot Misses the Net.
3:53 of 2nd period - Minor Penalty to Brendan Lemieux for Holding Stick.
3:54 of 2nd period - Carl Klingberg wins face-off versus Nathan MacKinnon in Monarchs zone.
3:57 of 2nd period - Slapshot by Carl Klingberg.
3:57 of 2nd period - Stopped by Jason Missiaen with a rebound.
4:07 of 2nd period - Wrist shot by Nathan MacKinnon.
4:07 of 2nd period - Shot Misses the Net.
4:09 of 2nd period - Wrist shot by Aaron Ekblad.
4:09 of 2nd period - Shot Blocked by Julian Melchiori.
4:32 of 2nd period - Icing by Anthony Mantha.
4:33 of 2nd period - Kevin Veilleux wins face-off versus Anthony Mantha in Monarchs zone.
5:06 of 2nd period - Penalty to Ben Thomson is over, Ben Thomson is back on ice.
5:19 of 2nd period - Slapshot by Craig Smith.
5:19 of 2nd period - Shot Misses the Net.
5:21 of 2nd period - Slapshot by John Draeger.
5:21 of 2nd period - Stopped by Leland Irving without a rebound.
5:22 of 2nd period - Craig Smith wins face-off versus Jayson Megna in Rafales zone.
5:53 of 2nd period - Penalty to Brendan Lemieux is over, Brendan Lemieux is back on ice.
6:05 of 2nd period - Wrist shot by Michael Latta.
6:05 of 2nd period - Stopped by Leland Irving without a rebound.
6:06 of 2nd period - Michael Latta wins face-off versus Jayson Megna in Rafales zone.
6:07 of 2nd period - Snap shot by Anthony Mantha.
6:07 of 2nd period - Stopped by Leland Irving without a rebound.
6:08 of 2nd period - Nathan MacKinnon wins face-off versus Jayson Megna in Rafales zone.
6:09 of 2nd period - Snap shot by Tim Schaller.
6:09 of 2nd period - Shot Misses the Net.
6:11 of 2nd period - Snap shot by Nathan MacKinnon.
6:11 of 2nd period - Shot Misses the Net.
6:23 of 2nd period - Snap shot by Nathan MacKinnon.
6:23 of 2nd period - Stopped by Leland Irving without a rebound.
6:24 of 2nd period - Michael Latta wins face-off versus Kevin Veilleux in Rafales zone.
6:46 of 2nd period - Minor Penalty to Anthony Mantha for High sticking.
6:47 of 2nd period - Kevin Veilleux wins face-off versus Craig Smith in Monarchs zone.
6:58 of 2nd period - Wrist shot by Andrew Shaw.
6:58 of 2nd period - Shot Blocked by Craig Smith.
7:00 of 2nd period - Slapshot by Julian Melchiori.
7:00 of 2nd period - Deflect By Kevin Veilleux.
7:00 of 2nd period - Goal by Kevin Veilleux - Monarchs : 1 - Rafales : 3.
7:01 of 2nd period - Kevin Veilleux wins face-off versus Nathan MacKinnon in neutral zone.
7:55 of 2nd period - Wrist shot by Borna Rendulic.
7:55 of 2nd period - Shot Misses the Net.
7:57 of 2nd period - Slapshot by Slater Koekkoek.
7:57 of 2nd period - Stopped by Jason Missiaen with a rebound.
8:53 of 2nd period - Wrist shot by Anthony Mantha.
8:53 of 2nd period - Deflect By Michael Latta.
8:53 of 2nd period - Stopped by Leland Irving without a rebound.
8:54 of 2nd period - Kevin Veilleux wins face-off versus Michael Latta in Rafales zone.
9:06 of 2nd period - Wrist shot by Carl Klingberg.
9:06 of 2nd period - Shot Misses the Net.
9:08 of 2nd period - Slapshot by Bruno Gervais.
9:08 of 2nd period - Stopped by Jason Missiaen without a rebound.
9:09 of 2nd period - Nathan MacKinnon wins face-off versus Jayson Megna in Monarchs zone.
10:23 of 2nd period - Snap shot by Tim Schaller.
10:23 of 2nd period - Shot Misses the Net.
10:26 of 2nd period - Icing by Slater Koekkoek.
10:27 of 2nd period - Joe Labate wins face-off versus Michael Latta in Rafales zone.
10:46 of 2nd period - Slapshot by Bruno Gervais.
10:46 of 2nd period - Deflect By Nathan MacKinnon.
10:46 of 2nd period - Stopped by Jason Missiaen without a rebound.
10:47 of 2nd period - Nathan MacKinnon wins face-off versus Kevin Veilleux in Monarchs zone.
10:47 of 2nd period - Nathan MacKinnon is hit by Carl Klingberg.
12:17 of 2nd period - Bruno Gervais is hit by Brayden Point and loses puck.
12:34 of 2nd period - Snap shot by Mark Pysyk.
12:34 of 2nd period - Stopped by Leland Irving without a rebound.
12:35 of 2nd period - Michael Latta wins face-off versus Jayson Megna in Rafales zone.
12:50 of 2nd period - Wrist shot by Anthony Mantha.
12:50 of 2nd period - Stopped by Leland Irving with a rebound.
13:00 of 2nd period - Nathan MacKinnon is hit by Carl Klingberg and loses puck.
13:13 of 2nd period - Slapshot by Andrew Shaw.
13:13 of 2nd period - Stopped by Jason Missiaen with a rebound.
13:23 of 2nd period - Brayden Point is hit by Bruno Gervais and loses puck.
13:44 of 2nd period - Slapshot by Slater Koekkoek.
13:44 of 2nd period - Stopped by Jason Missiaen with a rebound.
14:48 of 2nd period - Brayden Point is hit by Joey Laleggia.
15:50 of 2nd period - Icing by Anthony Mantha.
15:51 of 2nd period - Jayson Megna wins face-off versus Michael Latta in Monarchs zone.
15:58 of 2nd period - Wrist shot by Chris Terry.
15:58 of 2nd period - Shot Misses the Net.
16:00 of 2nd period - Slapshot by Dylan McIlrath.
16:00 of 2nd period - Stopped by Jason Missiaen without a rebound.
16:01 of 2nd period - Nathan MacKinnon wins face-off versus Jayson Megna in Monarchs zone.
16:03 of 2nd period - Minor Penalty to Tony DeAngelo for Roughing.
16:04 of 2nd period - Carl Klingberg wins face-off versus Craig Smith in Monarchs zone.
16:10 of 2nd period - Wrist shot by Andrew Shaw.
16:10 of 2nd period - Shot Blocked by Mark Pysyk.
16:12 of 2nd period - Backhand shot by Dylan McIlrath.
16:12 of 2nd period - Shot Misses the Net.
16:14 of 2nd period - Slapshot by Dylan McIlrath.
16:14 of 2nd period - Deflect By Nicolas Deslauriers.
16:14 of 2nd period - Stopped by Jason Missiaen without a rebound.
16:15 of 2nd period - Kevin Veilleux wins face-off versus Craig Smith in Monarchs zone.
16:45 of 2nd period - Off-side.
16:46 of 2nd period - Jayson Megna wins face-off versus Nicolas Deslauriers in neutral zone.
18:03 of 2nd period - Penalty to Tony DeAngelo is over, Tony DeAngelo is back on ice.
18:10 of 2nd period - Wrist shot by Mark Pysyk.
18:10 of 2nd period - Shot Blocked by Joey Laleggia.
18:38 of 2nd period - Snap shot by James Marcou.
18:38 of 2nd period - Deflect By Tyrell Goulbourne.
18:38 of 2nd period - Shot Misses the Net.
18:38 of 2nd period - Puck is out of play.
18:39 of 2nd period - Nathan MacKinnon wins face-off versus Jayson Megna in Monarchs zone.
19:24 of 2nd period - Mark Pysyk is hit by Borna Rendulic and loses puck.
Goals for this period are 0 for Monarchs vs 2 for Rafales.
Shots for this period are 7 for Monarchs vs 13 for Rafales.
3rd period
0:01 of 3rd period - Nathan MacKinnon wins face-off versus Kevin Veilleux in neutral zone.
0:26 of 3rd period - Nicolas Deslauriers is hit by Tim Crowder and loses puck.
0:49 of 3rd period - Slapshot by Mark Pysyk.
0:49 of 3rd period - Stopped by Leland Irving with a rebound.
1:13 of 3rd period - Snap shot by Michael Latta.
1:13 of 3rd period - Shot Misses the Net.
1:15 of 3rd period - Slapshot by Mark Pysyk.
1:15 of 3rd period - Stopped by Leland Irving with a rebound.
1:19 of 3rd period - Snap shot by Michael Latta.
1:19 of 3rd period - Stopped by Leland Irving with a rebound.
1:21 of 3rd period - Slapshot by Tony DeAngelo.
1:21 of 3rd period - Deflect By Anthony Mantha.
1:21 of 3rd period - Shot Blocked by James Marcou.
1:21 of 3rd period - Puck is out of play.
1:22 of 3rd period - Kevin Veilleux wins face-off versus Nathan MacKinnon in Rafales zone.
1:24 of 3rd period - Icing by Andrew Shaw.
1:25 of 3rd period - Kevin Veilleux wins face-off versus Nathan MacKinnon in Rafales zone.
1:34 of 3rd period - Snap shot by Carl Klingberg.
1:34 of 3rd period - Stopped by Jason Missiaen with a rebound.
1:36 of 3rd period - Slapshot by Bruno Gervais.
1:36 of 3rd period - Stopped by Jason Missiaen without a rebound.
1:37 of 3rd period - Kevin Veilleux wins face-off versus Nathan MacKinnon in Monarchs zone.
2:04 of 3rd period - Nicolas Deslauriers is hit by Bruno Gervais.
2:27 of 3rd period - Snap shot by Ben Thomson.
2:27 of 3rd period - Stopped by Jason Missiaen without a rebound.
2:28 of 3rd period - Nathan MacKinnon wins face-off versus Carl Klingberg in Monarchs zone.
3:00 of 3rd period - Wrist shot by Borna Rendulic.
3:00 of 3rd period - Shot Misses the Net.
3:02 of 3rd period - Slapshot by Ben Thomson.
3:02 of 3rd period - Stopped by Jason Missiaen without a rebound.
3:03 of 3rd period - Michael Latta wins face-off versus Kevin Veilleux in Monarchs zone.
3:15 of 3rd period - Snap shot by Carl Klingberg.
3:15 of 3rd period - Stopped by Jason Missiaen with a rebound.
3:17 of 3rd period - Snap shot by Carl Klingberg.
3:17 of 3rd period - Shot Misses the Net.
3:19 of 3rd period - Slapshot by Bruno Gervais.
3:19 of 3rd period - Stopped by Jason Missiaen with a rebound.
3:47 of 3rd period - Minor Penalty to Dylan McIlrath for Holding.
3:48 of 3rd period - Nathan MacKinnon wins face-off versus Carl Klingberg in Rafales zone.
3:53 of 3rd period - Wrist shot by Anthony Mantha.
3:53 of 3rd period - Stopped by Leland Irving without a rebound.
3:54 of 3rd period - Carl Klingberg wins face-off versus JT Compher in Rafales zone.
3:54 of 3rd period - Carl Klingberg is hit by JT Compher.
4:10 of 3rd period - Snap shot by Nathan MacKinnon.
4:10 of 3rd period - Stopped by Leland Irving without a rebound.
4:11 of 3rd period - Carl Klingberg wins face-off versus Brayden Point in Rafales zone.
4:20 of 3rd period - Backhand shot by Aaron Ekblad.
4:20 of 3rd period - Deflect By Brayden Point.
4:20 of 3rd period - Stopped by Leland Irving with a rebound.
4:22 of 3rd period - Snap shot by Brendan Lemieux.
4:22 of 3rd period - Stopped by Leland Irving with a rebound.
4:24 of 3rd period - Wrist shot by Brendan Lemieux.
4:24 of 3rd period - Shot Misses the Net.
4:26 of 3rd period - Backhand shot by Brendan Lemieux.
4:26 of 3rd period - Goal by Brendan Lemieux - Monarchs : 2 - Rafales : 3.
4:27 of 3rd period - Nathan MacKinnon wins face-off versus Kevin Veilleux in neutral zone.
4:34 of 3rd period - Slapshot by Mark Pysyk.
4:34 of 3rd period - Stopped by Leland Irving with a rebound.
4:58 of 3rd period - Slapshot by Michael Latta.
4:58 of 3rd period - Stopped by Leland Irving without a rebound.
4:59 of 3rd period - Jayson Megna wins face-off versus Brayden Point in Rafales zone.
4:59 of 3rd period - Jayson Megna is hit by Brayden Point.
5:02 of 3rd period - Icing by Joey Laleggia.
5:03 of 3rd period - Jayson Megna wins face-off versus Nicolas Deslauriers in Rafales zone.
5:03 of 3rd period - Jayson Megna is hit by Nicolas Deslauriers.
5:11 of 3rd period - Snap shot by Tim Crowder.
5:11 of 3rd period - Shot Blocked by Nicolas Deslauriers.
5:13 of 3rd period - Slapshot by Tim Crowder.
5:13 of 3rd period - Stopped by Jason Missiaen with a rebound.
5:15 of 3rd period - Snap shot by Tim Crowder.
5:15 of 3rd period - Stopped by Jason Missiaen without a rebound.
5:16 of 3rd period - Nathan MacKinnon wins face-off versus Kevin Veilleux in Monarchs zone.
5:31 of 3rd period - Bruno Gervais is hit by Oliver Bjorkstrand and loses puck.
5:46 of 3rd period - Snap shot by Tim Crowder.
5:46 of 3rd period - Shot Blocked by Anthony Mantha.
5:51 of 3rd period - Minor Penalty to Jayson Megna for Roughing.
5:52 of 3rd period - Nathan MacKinnon wins face-off versus Carl Klingberg in Rafales zone.
5:53 of 3rd period - Wrist shot by Anthony Mantha.
5:53 of 3rd period - Goal by Anthony Mantha - Monarchs : 3 - Rafales : 3.
5:54 of 3rd period - Kevin Veilleux wins face-off versus Nathan MacKinnon in neutral zone.
5:57 of 3rd period - Nathan MacKinnon is hit by Bruno Gervais and loses puck.
6:20 of 3rd period - Mark Pysyk is hit by Tim Crowder and loses puck.
7:09 of 3rd period - Wrist shot by Curtis Lazar.
7:09 of 3rd period - Stopped by Leland Irving with a rebound.
7:29 of 3rd period - Slapshot by Tim Schaller.
7:29 of 3rd period - Goal by Tim Schaller - Monarchs : 4 - Rafales : 3.
7:30 of 3rd period - Nathan MacKinnon wins face-off versus Kevin Veilleux in neutral zone.
7:33 of 3rd period - Snap shot by Mark Pysyk.
7:33 of 3rd period - Stopped by Leland Irving without a rebound.
7:34 of 3rd period - Nathan MacKinnon wins face-off versus Kevin Veilleux in Rafales zone.
7:41 of 3rd period - Bruno Gervais is hit by Mark Pysyk and loses puck.
7:54 of 3rd period - Minor Penalty to Kevin Veilleux for Hooking.
7:55 of 3rd period - Carl Klingberg wins face-off versus Nathan MacKinnon in Rafales zone.
8:11 of 3rd period - Wrist shot by Anthony Mantha.
8:11 of 3rd period - Stopped by Leland Irving with a rebound.
9:54 of 3rd period - Penalty to Kevin Veilleux is over, Kevin Veilleux is back on ice.
10:07 of 3rd period - Julian Melchiori is hit by Nicolas Deslauriers and loses puck.
10:38 of 3rd period - Brayden Point is hit by Ryan Bourque and loses puck.
11:15 of 3rd period - Icing by Craig Smith.
11:16 of 3rd period - Kevin Veilleux wins face-off versus Brayden Point in Monarchs zone.
11:31 of 3rd period - Snap shot by Andrew Shaw.
11:31 of 3rd period - Stopped by Jason Missiaen with a rebound.
11:49 of 3rd period - Slapshot by Nathan MacKinnon.
11:49 of 3rd period - Stopped by Leland Irving with a rebound.
11:51 of 3rd period - Slapshot by Tim Schaller.
11:51 of 3rd period - Deflect By Nathan MacKinnon.
11:51 of 3rd period - Stopped by Leland Irving with a rebound.
11:53 of 3rd period - Snap shot by Nathan MacKinnon.
11:53 of 3rd period - Shot Blocked by Jayson Megna.
12:03 of 3rd period - Slapshot by Bruno Gervais.
12:03 of 3rd period - Stopped by Jason Missiaen with a rebound.
12:05 of 3rd period - Wrist shot by Joe Labate.
12:05 of 3rd period - Shot Misses the Net.
12:53 of 3rd period - Mark Pysyk is hit by Ryan Bourque and loses puck.
13:51 of 3rd period - Tim Schaller is hit by Ryan Bourque and loses puck.
14:20 of 3rd period - Tony DeAngelo is hit by Ben Thomson and loses puck.
14:29 of 3rd period - Slapshot by Joe Labate.
14:29 of 3rd period - Shot Blocked by Tony DeAngelo.
14:45 of 3rd period - Curtis Lazar is hit by Carl Klingberg and loses puck.
15:33 of 3rd period - Chris Terry is hit by Oliver Bjorkstrand and loses puck.
15:56 of 3rd period - Ben Thomson is hit by Griffin Reinhart and loses puck.
16:07 of 3rd period - Anthony Mantha is hit by Dylan McIlrath and loses puck.
16:12 of 3rd period - Slapshot by Andrew Shaw.
16:12 of 3rd period - Stopped by Jason Missiaen with a rebound.
16:14 of 3rd period - Wrist shot by Carl Klingberg.
16:14 of 3rd period - Shot Misses the Net.
17:26 of 3rd period - Curtis Lazar is hit by Chris Terry and loses puck.
17:48 of 3rd period - Minor Penalty to Brayden Point for Hooking.
17:49 of 3rd period - Kevin Veilleux wins face-off versus Craig Smith in Monarchs zone.
17:52 of 3rd period - Snap shot by Andrew Shaw.
17:52 of 3rd period - Shot Misses the Net.
17:54 of 3rd period - Backhand shot by Julian Melchiori.
17:54 of 3rd period - Goal by Julian Melchiori - Monarchs : 4 - Rafales : 4.
17:55 of 3rd period - Joe Labate wins face-off versus Brayden Point in neutral zone.
18:48 of 3rd period - Tim Schaller is hit by Bruno Gervais and loses puck.
19:14 of 3rd period - Minor Penalty to Dylan McIlrath for Holding Stick.
19:15 of 3rd period - Nathan MacKinnon wins face-off versus Carl Klingberg in Rafales zone.
19:47 of 3rd period - Off-side.
19:48 of 3rd period - Tim Crowder wins face-off versus Brendan Lemieux in neutral zone.
19:51 of 3rd period - Snap shot by Slater Koekkoek.
19:51 of 3rd period - Deflect By Kevin Veilleux.
19:51 of 3rd period - Shot Blocked by Brendan Lemieux.
19:51 of 3rd period - Puck is out of play.
19:52 of 3rd period - Anthony Mantha wins face-off versus Tim Crowder in Monarchs zone.
Goals for this period are 3 for Monarchs vs 1 for Rafales.
Shots for this period are 17 for Monarchs vs 12 for Rafales.
Overtime #1
0:01 of 1st overtime period - Carl Klingberg wins face-off versus Nathan MacKinnon in neutral zone.
0:08 of 1st overtime period - Snap shot by Carl Klingberg.
0:08 of 1st overtime period - Goal by Carl Klingberg - Monarchs : 4 - Rafales : 5.
Goals for this period are 0 for Monarchs vs 1 for Rafales.
Shots for this period are 0 for Monarchs vs 1 for Rafales.
Back to the Top